 Dungeon Crawl Stone Soup version 0.21-a0-529-g8c7b3f5 (webtiles) character file.

12 Amnesiac the Vexing (level 2, -1/28 HPs)
             Began as an Ogre Arcane Marksman on Dec 11, 2017.
             Slain by a gnoll
             ... wielding a +0 club
              (4 damage)
             ... on level 1 of the Dungeon.
             The game lasted 00:02:08 (613 turns).

Amnesiac the Vexing (Ogre Arcane Marksman)           Turns: 613, Time: 00:02:09

Health: -1/28      AC:  3    Str: 13    XL:     2   Next: 33%
Magic:  2/4        EV: 10    Int: 14    God:
Gold:   27         SH:  0    Dex:  9    Spells: 1/4 levels left

rFire    . . .     SeeInvis .   e - +0 club
rCold    . . .     Gourm    .   (no shield)
rNeg     . . .     Faith    .   a - +0 robe
rPois    .         Spirit   .   (helmet restricted)
rElec    .         Reflect  .   (no cloak)
rCorr    .         Harm     .   (gloves unavailable)
MR       .....                  (boots unavailable)
Stlth    +.........             (no amulet)
HPRegen  0.09/turn              (no ring)
MPRegen  0.09/turn              (no ring)

@: no status effects
A: large, unfitting armour, tough skin 1
a: no special abilities


You were on level 1 of the Dungeon.
You were not hungry.

You visited 1 branch of the dungeon, and saw 1 of its levels.

You collected 27 gold pieces.

Inventory:

Hand Weapons
 e - a +0 club (weapon)
Missiles
 c - a large rock (quivered)
 d - 2 throwing nets
 j - 14 stones
Armour
 a - a +0 robe (worn)
Potions
 g - a potion of magic {!q, unknown}
 h - a potion of cancellation {!q, unknown}
Books
 b - a book of Debilitation

   Spells                             Type                      Level
   a - Corona                         Hexes                        1
   b - Slow                           Hexes                        2
   c - Inner Flame                    Hexes/Fire                   3
   d - Portal Projectile              Hexes/Translocation          3
   e - Cause Fear                     Hexes                        4
   f - Leda's Liquefaction            Hexes/Earth                  4
Comestibles
 f - a bread ration
 i - a meat ration


   Skills:
 + Level 1.7 Fighting
 * Level 2.3 Throwing
 + Level 2.0 Dodging
 + Level 1.5 Spellcasting
 + Level 2.8 Hexes


You had one spell level left.
You knew the following spells:

 Your Spells              Type           Power        Failure   Level  Hunger
a - Corona                Hex            #......      8%          1    ##.....
e - Slow                  Hex            #.......     12%         2    ###....


Dungeon Overview and Level Annotations

Branches:
Dungeon (1/15)

Altars:


Innate Abilities, Weirdness & Mutations

You are too large for most types of armour.
You have tough skin. (AC +1)


Message History

Press: ? - help, Shift-Dir - straight line, f/p - kobold
Aim: a kobold, wielding a short sword (heavily wounded, chance to defeat MR: 61%)
The kobold struggles to resist.
The kobold barely misses you.
You barely miss the kobold.
The kobold is heavily wounded.
The kobold hits you but does no damage.
Casting: Corona
Confirm with . or Enter, or press ? or * to list all spells.
Aiming: Corona
Press: ? - help, Shift-Dir - straight line, f/p - kobold
Aim: a kobold, wielding a short sword (heavily wounded, chance to defeat MR: 61%)
The kobold is outlined in light.
The kobold hits you but does no damage.
You hit the kobold but do no damage.
The kobold is heavily wounded.
The kobold hits you with a short sword. The kobold completely misses you.
You hit the kobold.
You kill the kobold!
Your Dodging skill increases to level 2!
Found a bubbling purple potion and 27 stones.
A gnoll comes into view. It is wielding a club.
The gnoll shouts!
The leopard gecko hisses menacingly.
Found a scroll labeled ROPYATZ WUXERR.
A hobgoblin comes into view. It is wielding a club.
Casting: Corona
Confirm with . or Enter, or press ? or * to list all spells.
Aiming: Corona
Press: ? - help, Shift-Dir - straight line, f - gnoll
Aim: a gnoll, wielding a club (chance to defeat MR: 51%)
The gnoll struggles to resist.
Quiver which item? (- for none, * to show all) (? for menu, Esc to quit)
Quivering
c - 4 large rocks for throwing.
Throwing (i - inventory. (,) - cycle):
c - 4 large rocks (quivered)
Press: ? - help, Shift-Dir - straight line, f/p - gnoll
Aim: a gnoll, wielding a club You throw a large rock.
The large rock barely misses the gnoll.
The large rock hits the leopard gecko.
The leopard gecko is heavily wounded.
The gnoll hits you with a club!
* * * LOW HITPOINT WARNING * * *
The gnoll hits you with a club!
* * * LOW HITPOINT WARNING * * *
Casting: Corona
Confirm with . or Enter, or press ? or * to list all spells.
Aiming: Corona
Press: ? - help, Shift-Dir - straight line, f/p - gnoll
Aim: a gnoll, wielding a club (chance to defeat MR: 51%)
The gnoll is outlined in light.
The gnoll hits you but does no damage.
Throwing (i - inventory. (,) - cycle):
c - 3 large rocks (quivered)
Press: ? - help, Shift-Dir - straight line, f/p - gnoll
Aim: a gnoll, wielding a club (softly glowing)
You throw a large rock. The large rock hits the gnoll!
The gnoll is severely wounded.
The gnoll hits you with a club.
* * * LOW HITPOINT WARNING * * *
Throwing (i - inventory. (,) - cycle):
c - 2 large rocks (quivered)
Press: ? - help, Shift-Dir - straight line, f/p - gnoll
Aim: a gnoll, wielding a club (severely wounded, softly glowing)
You throw a large rock. The large rock barely misses the gnoll.
The large rock misses the leopard gecko.
The large rock hits the hobgoblin!
You kill the hobgoblin!
The gnoll barely misses you. The gnoll hits you with a club.
You die...

###.........[...............#
............................#
#..^............)...........#
#.........#.................#
♣.........#....#.##.........#
..........#.####.##.........#
♣.........#..###.############
#...##.........#.#
#...##.........#@#
....##.........#g#
....#########..#l# #####
##.#(# #.#.# #####...#
#####....#..##.#
#.........)....#
#..........>####


You could see a gnoll and a leopard gecko.

Vanquished Creatures
  2 goblins (D:1)
  A hobgoblin (D:1)
  5 kobolds (D:1)
  3 bats (D:1)
11 creatures vanquished.

Notes
Turn   | Place    | Note
-------+----------+-------------------------------------------
     0 | D:1      | Amnesiac the Ogre Arcane Marksman began the quest for the Orb.
     0 | D:1      | Reached XP level 1. HP: 19/19 MP: 2/2
   398 | D:1      | Reached XP level 2. HP: 25/27 MP: 0/4
   402 | D:1      | Learned a level 2 spell: Slow
   613 | D:1      | Slain by a gnoll

Vault maps used:
D:1:      scummos_arrival_forest

Skill      XL: |  1  2 |
---------------+-------+-----
Dodging        | 2 |  2.0
Fighting       | |  1.7
Throwing       | |  2.3
Spellcasting   | |  1.5
Hexes          | |  2.8

Action                   || total
-------------------------++-------
Melee: Club              ||    40
       Unarmed           ||     7
Throw: Stone             ||    14
       Large rock        ||     3
 Cast: Corona            ||    14
 Stab: Sleeping          ||     1
Armor: Robe              ||    23
Dodge: Dodged            ||    40

Table legend:
 A = Spawn XP
 B = Non-spawn XP
 C = Spawn XP percentage of total XP
 D = Spawn monster count
 E = Non-spawn monster count
 F = Spawn count percentage of total count
 G = Total turns spent on level
                    A         B        C        D         E        F      G
               +---------+---------+-------+---------+---------+-------+---------
         Total |       0 |      18 |   0.0 |       0 |      11 |   0.0 |   613
               +---------+---------+-------+---------+---------+-------+---------
           D:1 |       0 |      18 |   0.0 |       0 |      11 |   0.0 |   613
               +---------+---------+-------+---------+---------+-------+---------
